 Dungeon Crawl Stone Soup version 0.19.0-19-g8c6edcc (webtiles) character file.

242 KarmaPolice the Charmwright (level 5, 0/41 HPs)
             Began as a Vampire Skald on Nov 13, 2016.
             Slain by an orc priest
             ... wielding a +0 club
              (2 damage)
             ... on level 3 of the Dungeon.
             The game lasted 00:08:25 (5565 turns).

KarmaPolice the Charmwright (Vampire Skald)         Turns: 5565, Time: 00:08:26

Health: 0/41       AC:  4    Str: 11    XL:     5   Next: 82%
Magic:  1/9        EV: 11    Int: 14    God:
Gold:   163        SH:  0    Dex: 15    Spells: 4 memorised, 2 levels left

rFire  . . .     SeeInvis +     a - +0 falchion
rCold  . . .     Gourm    .     b - +0 leather armour
rNeg   + . .     Faith    .     (no shield)
rPois  .         Spirit   .     r - +0 helmet
rElec  .         Reflect  .     (no cloak)
rCorr  .         Harm     .     (no gloves)
MR     .....                    (no boots)
Stlth  +.........               (no amulet)
                                (no ring)
                                (no ring)

@: infused (expiring), singing (expiring), very slightly contaminated, slowed,
very slow
A: fangs 3, see invisible, unbreathing
a: Bat Form, Stop Singing


You were on level 3 of the Dungeon.
You were not thirsty.

You visited 1 branch of the dungeon, and saw 3 of its levels.

You collected 163 gold pieces.

Inventory:

Hand Weapons
 a - a +0 falchion (weapon)
Armour
 b - a +0 leather armour (worn)
 m - a cursed +0 shield
 r - a +0 helmet (worn)
Scrolls
 e - a scroll of enchant weapon {unknown}
 f - 2 scrolls of remove curse {unknown}
 h - a scroll of teleportation {unknown}
 i - 5 scrolls of identify {unknown}
 k - 3 scrolls of random uselessness {unknown}
 n - a scroll of immolation {unknown}
 q - a scroll of magic mapping {unknown}
Potions
 d - 6 potions of blood
 g - a potion of resistance {unknown}
 j - a potion of agility {unknown}
 l - a potion of mutation {unknown}
 o - a potion of curing {unknown}
 p - a potion of berserk rage {unknown}
Books
 c - a book of Battle

   Spells                             Type                      Level
   a - Infusion                       Charms                       1
   b - Shroud of Golubria             Charms/Translocation         2
   c - Song of Slaying                Charms                       2
   d - Spectral Weapon                Hexes/Charms                 3
   e - Regeneration                   Charms/Necromancy            3


   Skills:
 + Level 3.3 Fighting
 + Level 3.4 Long Blades
 - Level 0.7 Armour
 - Level 1.1 Dodging
 - Level 3.3 Spellcasting
 + Level 4.3 Charms
 + Level 0.0 Necromancy


You had 2 spell levels left.
You knew the following spells:

 Your Spells              Type           Power        Failure   Level  Hunger
a - Infusion              Chrm           ##..         6%          1    #......
b - Shroud of Golubria    Chrm/Tloc      #.........   21%         2    ##.....
c - Regeneration          Chrm/Necr      #.........   38%         3    ###....
d - Song of Slaying       Chrm           ##......     10%         2    ##.....


Dungeon Overview and Level Annotations

Branches:
Dungeon (3/15)

Altars:
Ashenzari

Annotations:
D:3 azzavlup's ghost, amateur TeBe


Innate Abilities, Weirdness & Mutations

You have razor-sharp teeth.
You have supernaturally acute eyesight. (SInv)
You can survive without breathing.


Message History

The orc priest hits you but does no damage.
You barely miss the orc priest.
The orc priest is heavily wounded.
The orc wizard gestures wildly while chanting.
The orc priest hits you but does no damage.
The orc hits you with a flail.
The orc wizard gestures wildly while chanting.
The orc priest hits you with a club.
You closely miss the orc priest.
The orc priest is heavily wounded.
Your magical infusion is running out.
Your song is almost over.
The orc hits you with a flail. The orc priest hits you with a club.
You hit the orc priest. Your bite misses the orc priest.
The orc priest is severely wounded.
The orc hits you but does no damage.
The orc priest mumbles some strange prayers to Beogh against you.
Beogh smites you!
* * * LOW HITPOINT WARNING * * *
The orc priest hits you with a club.
You die...

.....#####.#.........
.....# #.#.########
.....# #...### .....#
##....#### .. .....#
#.##....####...
###..#
...#####.(...... #...
#.### ##....(#.# #.
#.†......# .
#@....#.## .
.......roo....# # .
.....>.o....# .
.......#.#### #
.........# #
.......### # .......
. ....... .


You could see an orc priest, an orc wizard, an orc and a rat.

Vanquished Creatures
  Natasha (thrice) (D:2)
  Robin (D:3)
  5 adders
  3 oozes
  2 worms (D:3)
  3 dart slugs
  A leopard gecko (D:3)
  An orc (D:3)
  A ball python (D:1)
  4 giant cockroaches
  18 goblins
  7 hobgoblins
  8 jackals (D:2)
  9 kobolds
  3 quokkas (D:2)
  9 bats
  A frilled lizard (D:3)
  5 rats
84 creatures vanquished.

Notes
Turn   | Place    | Note
-------+----------+-------------------------------------------
     0 | D:1      | KarmaPolice the Vampire Skald began the quest for the Orb.
     0 | D:1      | Reached XP level 1. HP: 16/16 MP: 3/3
   317 | D:1      | Reached XP level 2. HP: 21/22 MP: 5/5
   907 | D:1      | Learned a level 2 spell: Shroud of Golubria
  1030 | D:2      | Reached XP level 3. HP: 22/28 MP: 6/6
  1188 | D:2      | Learned a level 3 spell: Regeneration
  1597 | D:2      | Noticed Natasha
  1642 | D:2      | HP: 1/28 [Natasha/magic dart (11)]
  1643 | D:2      | Killed Natasha
  1643 | D:2      | Reached XP level 4. HP: 2/34 MP: 0/7
  2657 | D:2      | Noticed Natasha
  2665 | D:2      | Killed Natasha
  2665 | D:2      | Reached skill level 4 in Charms
  2701 | D:2      | Learned a level 2 spell: Song of Slaying
  2920 | D:2      | Noticed Natasha
  2926 | D:2      | Killed Natasha
  2926 | D:2      | Reached XP level 5. HP: 41/41 MP: 2/9
  2981 | D:3      | Noticed Robin
  3786 | D:3      | Killed Robin
  3834 | D:3      | Noticed azzavlup's ghost (amateur TeBe)
  5398 | D:3      | Found a shattered altar of Ashenzari.
  5565 | D:3      | HP: 2/41 [orc priest/divine providence (14)]
  5565 | D:3      | Slain by an orc priest

Skill      XL: |  1  2  3  4  5 |
---------------+----------------+-----
Fighting       | 2 3 |  3.3
Long Blades    | 3 |  3.4
Charms         | 4 |  4.3
Spellcasting   | 3 |  3.3
Armour         | |  0.7
Dodging        | |  1.1

Action                   |  1- 3 |  4- 6 || total
-------------------------+-------+-------++-------
Melee: Falchion          |    83 |   152 ||   235
       Bite              |     9 |    15 ||    24
       Unarmed           |       |     4 ||     4
 Cast: Infusion          |     1 |    12 ||    13
       Shroud of Golubri |     1 |     5 ||     6
       Song of Slaying   |       |     7 ||     7
       Regeneration      |       |     1 ||     1
 Abil: End Transformatio |     1 |     2 ||     3
       Bat Form          |     1 |     2 ||     3
  Use: Potion            |       |     8 ||     8
 Stab: Sleeping          |     1 |       ||     1
  Eat: Corpse            |     1 |     4 ||     5
Armor: Leather armour    |    19 |    42 ||    61
Dodge: Dodged            |    56 |   108 ||   164
       Rpst.: Falchion   |    20 |    38 ||    58
